[Event "23rd Hoogeveen Open 2019"]
[Site "Hoogeveen"]
[Date "2019.10.19"]
[Round "1.37"]
[White "De Winter, Arthur"]
[Black "Blagojevic, Tijana"]
[Result "0-1"]
[ECO "C67"]
[WhiteElo "1896"]
[BlackElo "2151"]
[Annotator "NA"]
[PlyCount "76"]
[EventDate "2019.10.19"]
[EventType "swiss"]
[EventCountry "NED"]
[SourceTitle "playchess.com"]
[Source "ChessBase"]
[SourceQuality "1"]
[TimeControl "40/5400+30:1800+30"]

1. e4 e5 2. Nf3 Nc6 3. Bb5 Nf6 4. O-O Nxe4 5. Re1 Nd6 6. Nxe5 Be7 7. Bf1 Nf5 8. Nf3 O-O 9. d4 d5 10. c3 Bd6 11. Bd3 Nh4 12. g3 Nf5 13. Nbd2 Qf6 14. Nf1 h6 15. Ne3 Nxe3 16. Bxe3 Bg4 17. Be2 Rfe8 18. Nd2 Be6 19. Bb5 a6 20. Bxc6 bxc6 21. Nb3 Qg6 22. Nc5 Bh3 23. Nd3 Re4 24. Qf3 Rae8 25. Nc5 Bg4 26. Qg2 Bxc5 27. dxc5 Qf5 28. h4 Bf3 29. Qf1 g5 30. Bd2 gxh4 31. Bxh6 hxg3 32. fxg3 Qh5 33. Rxe4 Rxe4 34. Bf4 Qh1+ 35. Kf2 Re2+ 36. Qxe2 Qg2+ 37. Ke3 Qxe2+ 38. Kd4 Qe4# 0-1

[Event "23rd Hoogeveen Open 2019"]
[Site "Hoogeveen"]
[Date "2019.10.19"]
[Round "1.38"]
[White "Giacomini, Hector"]
[Black "Achuthan, Dylan"]
[Result "1-0"]
[ECO "A48"]
[WhiteElo "2145"]
[BlackElo "1865"]
[Annotator "NA"]
[PlyCount "61"]
[EventDate "2019.10.19"]
[EventType "swiss"]
[EventCountry "NED"]
[SourceTitle "playchess.com"]
[Source "ChessBase"]
[SourceQuality "1"]
[TimeControl "40/5400+30:1800+30"]

1. Nf3 c5 2. e3 g6 3. d4 Bg7 4. Be2 Nf6 5. O-O O-O 6. dxc5 Qa5 7. a3 Qxc5 8. b4 Qb6 9. Bb2 d6 10. Nbd2 Bd7 11. c4 a5 12. b5 a4 13. Rc1 Rc8 14. h3 e5 15. Ng5 Be8 16. Nde4 Nxe4 17. Nxe4 Rd8 18. Nc3 Qa7 19. Nd5 b6 20. Bf3 f5 21. Nxb6 Qxb6 22. Bxa8 Nd7 23. Bd5+ Kh8 24. Qxa4 Nc5 25. Qc2 e4 26. Bxg7+ Kxg7 27. Qc3+ Kh6 28. Qf6 Nd3 29. Rc3 Nc5 30. Qf8+ Kh5 31. g4+ 1-0

[Event "23rd Hoogeveen Open 2019"]
[Site "Hoogeveen"]
[Date "2019.10.20"]
[Round "2.1"]
[White "Basso, Pier Luigi"]
[Black "Dixit, Nikhil"]
[Result "1/2-1/2"]
[ECO "E81"]
[WhiteElo "2575"]
[BlackElo "2358"]
[Annotator "ChessBase"]
[PlyCount "75"]
[EventDate "2019.10.19"]
[EventType "swiss"]
[EventCountry "NED"]
[SourceTitle "playchess.com"]
[Source "ChessBase"]
[SourceQuality "1"]
[TimeControl "40/5400+30:1800+30"]

1. d4 Nf6 2. c4 g6 3. f3 Bg7 4. e4 d6 5. Nc3 O-O 6. Nge2 c5 7. d5 Nbd7 8. Ng3 h5 9. Be2 h4 10. Nf1 Re8 11. Bg5 h3 12. g4 e6 13. Ng3 exd5 14. cxd5 b5 15. Bxb5 Nxe4 16. Ngxe4 Qxg5 17. O-O Qf4 18. Qc1 Qxc1 19. Raxc1 Be5 20. f4 Bd4+ 21. Kh1 Bxc3 22. Nxd6 Bxb2 23. Nxe8 Bxc1 24. Rxc1 Kf8 25. Bxd7 Bxd7 26. Nf6 Ke7 27. g5 Rb8 28. d6+ Kd8 29. Kg1 Rb2 30. Rxc5 Rg2+ 31. Kf1 Rxh2 32. Rc7 Bb5+ 33. Kg1 Rd2 34. Ne4 Rd4 35. Re7 Bc6 36. Nf2 Rxf4 37. Nxh3 Rd4 38. Nf2 1/2-1/2

[Event "23rd Hoogeveen Open 2019"]
[Site "Hoogeveen"]
[Date "2019.10.20"]
[Round "2.2"]
[White "Moksh Amit Doshi"]
[Black "Pruijssers, Roeland"]
[Result "1/2-1/2"]
[ECO "A87"]
[WhiteElo "2328"]
[BlackElo "2550"]
[Annotator "ChessBase"]
[PlyCount "32"]
[EventDate "2019.10.19"]
[EventType "swiss"]
[EventCountry "NED"]
[SourceTitle "playchess.com"]
[Source "ChessBase"]
[SourceQuality "1"]
[TimeControl "40/5400+30:1800+30"]

1. d4 f5 2. g3 Nf6 3. Bg2 g6 4. Nf3 Bg7 5. O-O O-O 6. c4 e6 7. Nc3 d6 8. b3 Nc6 9. Bb2 e5 10. dxe5 dxe5 11. Nd5 e4 12. Nxf6+ Bxf6 13. Qxd8 Bxd8 14. Nd4 Bf6 15. Rad1 Kf7 16. Ba1 Nxd4 1/2-1/2

[Event "23rd Hoogeveen Open 2019"]
[Site "Hoogeveen"]
[Date "2019.10.20"]
[Round "2.3"]
[White "Werle, Jan"]
[Black "De Jong, Migchiel"]
[Result "1/2-1/2"]
[ECO "A40"]
[WhiteElo "2544"]
[BlackElo "2330"]
[Annotator "ChessBase"]
[PlyCount "83"]
[EventDate "2019.10.19"]
[EventType "swiss"]
[EventCountry "NED"]
[SourceTitle "playchess.com"]
[Source "ChessBase"]
[SourceQuality "1"]
[TimeControl "40/5400+30:1800+30"]

1. d4 e6 2. c4 Bb4+ 3. Bd2 a5 4. Nc3 Nf6 5. e3 O-O 6. Nge2 d5 7. a3 Be7 8. cxd5 exd5 9. Nf4 c6 10. Bd3 Re8 11. O-O Bd6 12. Qc2 Nbd7 13. Kh1 Nf8 14. f3 Be6 15. Nce2 Rc8 16. Nxe6 Nxe6 17. Be1 c5 18. Qd2 Bc7 19. Bf5 cxd4 20. Nxd4 Bb6 21. Rd1 Rc4 22. Bd3 Rc7 23. Bg3 Rc8 24. Bb5 Nxd4 25. exd4 Re6 26. Rc1 Rxc1 27. Rxc1 h6 28. Bf2 Ne8 29. Bd3 Nd6 30. Qc3 Qf6 31. Rd1 g6 32. Bf1 Ne4 33. Qc8+ Kg7 34. Be1 Ng5 35. Bh4 Bxd4 36. Qxb7 Bb6 37. Qc8 Bd4 38. Qb7 Qf4 39. Bg3 Qe3 40. Bd3 Nxf3 41. Qxd5 Ne1 42. Qc6 1/2-1/2

[Event "23rd Hoogeveen Open 2019"]
[Site "Hoogeveen"]
[Date "2019.10.20"]
[Round "2.5"]
[White "Sindarov, Javokhir"]
[Black "Okkes, Menno"]
[Result "1-0"]
[ECO "B81"]
[WhiteElo "2513"]
[BlackElo "2326"]
[Annotator "ChessBase"]
[PlyCount "73"]
[EventDate "2019.10.19"]
[EventType "swiss"]
[EventCountry "NED"]
[SourceTitle "playchess.com"]
[Source "ChessBase"]
[SourceQuality "1"]
[TimeControl "40/5400+30:1800+30"]

1. e4 c5 2. Nf3 d6 3. d4 cxd4 4. Nxd4 Nf6 5. Nc3 a6 6. h3 e6 7. g4 Be7 8. Bg2 Nfd7 9. Be3 Nc6 10. h4 Nde5 11. g5 Bd7 12. Nxc6 bxc6 13. b3 c5 14. f4 Nc6 15. Ne2 a5 16. O-O h6 17. Qd2 hxg5 18. hxg5 a4 19. f5 Ne5 20. Rad1 Qa5 21. Nc3 axb3 22. axb3 c4 23. b4 Qxb4 24. Rb1 Qa5 25. Bb6 Qa6 26. g6 fxg6 27. fxe6 Bxe6 28. Nd5 Rc8 29. Nxe7 Kxe7 30. Rfd1 Rc6 31. Qg5+ Ke8 32. Qd8+ Kf7 33. Rf1+ Bf5 34. Qxh8 Rxb6 35. exf5 Rxb1 36. Bd5+ Kf6 37. Qd8# {[%emt 0:00:29] Ke7} 1-0

[Event "23rd Hoogeveen Open 2019"]
[Site "Hoogeveen"]
[Date "2019.10.20"]
[Round "2.6"]
[White "Elgersma, Onno"]
[Black "Schoppen, Casper"]
[Result "0-1"]
[ECO "B31"]
[WhiteElo "2306"]
[BlackElo "2508"]
[Annotator "ChessBase"]
[PlyCount "110"]
[EventDate "2019.10.19"]
[EventType "swiss"]
[EventCountry "NED"]
[SourceTitle "playchess.com"]
[Source "ChessBase"]
[SourceQuality "1"]
[TimeControl "40/5400+30:1800+30"]

1. e4 c5 2. Nf3 Nc6 3. Bb5 g6 4. O-O Bg7 5. c3 e5 6. d4 cxd4 7. cxd4 exd4 8. Bf4 Nge7 9. Bd6 O-O 10. Nbd2 a6 11. Bc4 b5 12. Bd5 Nxd5 13. Bxf8 Qxf8 14. exd5 Ne7 15. Nb3 Bb7 16. Re1 Bxd5 17. Nfxd4 Nc6 18. Nf3 Be6 19. Nbd4 Bd5 20. Nc2 Be6 21. Nfd4 Bc4 22. b3 Nxd4 23. Nxd4 Qc5 24. bxc4 Bxd4 25. Qf3 Rd8 26. Rad1 bxc4 27. Qf4 Bg7 28. Re4 c3 29. Rc4 Qe7 30. Re4 Qf8 31. Rc4 d5 32. Qc7 Re8 33. Rxc3 Bxc3 34. Qxc3 Qd6 35. Qd4 Re2 36. a4 Qe6 37. h3 Re1+ 38. Rxe1 Qxe1+ 39. Kh2 Qe4 40. Qa7 Qf4+ 41. g3 Qf6 42. Kg2 d4 43. Qa8+ Kg7 44. Qd5 h5 45. a5 h4 46. f4 Kh7 47. Kf2 hxg3+ 48. Kxg3 Qe7 49. h4 Qe3+ 50. Qf3 Qc3 51. Kf2 Qxa5 52. Qb7 Qd2+ 53. Kf3 Qe3+ 54. Kg4 Qe6+ 55. Kg3 d3 0-1

[Event "23rd Hoogeveen Open 2019"]
[Site "Hoogeveen"]
[Date "2019.10.20"]
[Round "2.7"]
[White "Vrolijk, Liam"]
[Black "Bhambure, Shantanu"]
[Result "1/2-1/2"]
[ECO "E36"]
[WhiteElo "2478"]
[BlackElo "2291"]
[Annotator "ChessBase"]
[PlyCount "113"]
[EventDate "2019.10.19"]
[EventType "swiss"]
[EventCountry "NED"]
[SourceTitle "playchess.com"]
[Source "ChessBase"]
[SourceQuality "1"]
[TimeControl "40/5400+30:1800+30"]

1. c4 e6 2. Nc3 Bb4 3. Nf3 Nf6 4. Qc2 d5 5. a3 Be7 6. d4 a6 7. cxd5 exd5 8. Bg5 Nbd7 9. e3 O-O 10. Bd3 Re8 11. O-O c6 12. h3 Nf8 13. Ne5 Nh5 14. Bxe7 Qxe7 15. Rfe1 Nf6 16. f4 Ne4 17. Nxe4 dxe4 18. Bc4 Be6 19. Bxe6 Qxe6 20. f5 Qd5 21. Rf1 f6 22. Nc4 Nd7 23. b4 Re7 24. Rac1 Rd8 25. Rf4 Kh8 26. Rf2 h6 27. Na5 Nb6 28. Qc5 Nc8 29. Rf4 Qa2 30. Qc3 Nb6 31. Rf2 Qf7 32. Nb3 Nd5 33. Qd2 Qh5 34. Nc5 Rde8 35. Re1 Qf7 36. Kh2 Ra8 37. Qc2 Qe8 38. Kg1 a5 39. bxa5 Rxa5 40. a4 Qa8 41. Ne6 Rxa4 42. Qxe4 Qa5 43. Qb1 Nc3 44. Qc1 Ne4 45. Rf4 Rc4 46. Qd1 Ng5 47. Nxg5 hxg5 48. Rff1 Qc3 49. Kh1 Kg8 50. d5 Qe5 51. dxc6 Rxc6 52. Qd4 Qxd4 53. exd4 Rd7 54. Re8+ Kh7 55. Rb1 Rcd6 56. Rb8 Rxd4 57. R8xb7 1/2-1/2

[Event "23rd Hoogeveen Open 2019"]
[Site "Hoogeveen"]
[Date "2019.10.20"]
[Round "2.8"]
[White "Grooten, Herman"]
[Black "Beerdsen, Thomas"]
[Result "0-1"]
[ECO "E17"]
[WhiteElo "2274"]
[BlackElo "2472"]
[Annotator "ChessBase"]
[PlyCount "94"]
[EventDate "2019.10.19"]
[EventType "swiss"]
[EventCountry "NED"]
[SourceTitle "playchess.com"]
[Source "ChessBase"]
[SourceQuality "1"]
[TimeControl "40/5400+30:1800+30"]

1. d4 Nf6 2. c4 e6 3. Nf3 b6 4. g3 Bb7 5. Bg2 Be7 6. O-O O-O 7. Re1 Na6 8. a3 c5 9. d5 exd5 10. Nh4 Nc7 11. Nc3 Ne4 12. Nxd5 Nxd5 13. cxd5 Bxh4 14. Bxe4 Bf6 15. Qc2 g6 16. Bd2 Re8 17. Bg2 d6 18. Bc3 b5 19. e4 a5 20. Bxf6 Qxf6 21. Qc3 Kg7 22. f4 b4 23. Qd2 Rab8 24. axb4 axb4 25. Bf1 Re7 26. Ra5 Rbe8 27. Bg2 Bc8 28. e5 dxe5 29. d6 Rd7 30. Rxc5 Qxd6 31. Qxb4 Rc7 32. Rc4 Qxb4 33. Rxb4 Rd8 34. fxe5 Rd2 35. Be4 Rc5 36. Bb1 Bh3 37. Rh4 Rg2+ 38. Kh1 Re2 39. Rd1 Rd5 40. Rc1 Bg2+ 41. Kg1 Rdd2 42. Ba2 g5 43. Rg4 Bh3 44. Rxg5+ Kh6 45. Rg8 Rg2+ 46. Kf1 Rxh2+ 47. Ke1 Rhe2# 0-1

[Event "23rd Hoogeveen Open 2019"]
[Site "Hoogeveen"]
[Date "2019.10.20"]
[Round "2.9"]
[White "Akash, Ganesan"]
[Black "Van Dael, Siem"]
[Result "1-0"]
[ECO "B30"]
[WhiteElo "2449"]
[BlackElo "2273"]
[Annotator "NA"]
[PlyCount "81"]
[EventDate "2019.10.19"]
[EventType "swiss"]
[EventCountry "NED"]
[SourceTitle "playchess.com"]
[Source "ChessBase"]
[SourceQuality "1"]
[TimeControl "40/5400+30:1800+30"]

1. e4 c5 2. Nf3 Nc6 3. Nc3 e5 4. Bc4 g6 5. d3 h6 6. Be3 {[%emt 0:05:28] B30: Sicilian: 2...Nc6 3 Bb5, lines without ...g6} (6. O-O Bg7 7. Ne1 Nge7 8. f4 d6 9. f5 gxf5 10. Qh5 Rf8 11. exf5 d5 12. Bb3 Bf6 13. Qxh6 Nxf5 14. Rxf5 Bxf5 15. Nxd5 {1-0 (62) Andreikin,D (2725)-Bacrot,E (2684) chess.com INT 2019}) 6... d6 7. h3 Bg7 8. Nh2 Nge7 $146 ({Predecessor:} 8... Nd4 9. O-O Nf6 10. f4 O-O 11. fxe5 dxe5 12. Nd5 Nxd5 13. Bxd5 {1-0 (47) Juarez Flores,G (2275)-Reyes Najera,C Guatemala 1982}) 9. Qd2 Nd4 10. f4 Be6 11. Bxe6 Nxe6 12. fxe5 dxe5 13. O-O f5 14. exf5 gxf5 15. Rae1 Qd7 16. Qf2 b6 17. Qf3 O-O 18. Qh5 f4 19. Bf2 $11 Rf5 20. Qd1 Raf8 21. Nf3 Nd5 22. Ne4 R5f7 23. c3 Ne7 24. Qb3 Nc6 25. Rd1 Nc7 26. Rfe1 Qd5 27. Qa4 Kh8 28. a3 a5 29. Qc2 Ne6 30. a4 Ne7 31. Ned2 Ng5 32. Nxg5 hxg5 33. Nf3 Bf6 34. d4 exd4 35. cxd4 c4 36. Re5 Qb7 37. Rb5 Nd5 38. Re1 Rg7 39. Qxc4 Ne3 40. Bxe3 fxe3 41. Rxe3 1-0

[Event "23rd Hoogeveen Open 2019"]
[Site "Hoogeveen"]
[Date "2019.10.20"]
[Round "2.10"]
[White "Hilwerda, Jonas"]
[Black "Romanishin, Oleg M"]
[Result "1/2-1/2"]
[ECO "B46"]
[WhiteElo "2229"]
[BlackElo "2441"]
[Annotator "ChessBase"]
[PlyCount "25"]
[EventDate "2019.10.19"]
[EventType "swiss"]
[EventCountry "NED"]
[SourceTitle "playchess.com"]
[Source "ChessBase"]
[SourceQuality "1"]
[TimeControl "40/5400+30:1800+30"]

1. e4 c5 2. Nf3 e6 3. d4 cxd4 4. Nxd4 Nc6 5. Nc3 a6 6. Nxc6 bxc6 7. Bd3 d5 8. O-O Nf6 9. Qf3 Be7 10. Qg3 Nh5 11. Qf3 Nf6 12. Qg3 Nh5 13. Qf3 1/2-1/2

[Event "23rd Hoogeveen Open 2019"]
[Site "Hoogeveen"]
[Date "2019.10.20"]
[Round "2.11"]
[White "Harutjunyan, Gevorg"]
[Black "Advait, Bagri"]
[Result "1/2-1/2"]
[ECO "D11"]
[WhiteElo "2428"]
[BlackElo "2231"]
[Annotator "NA"]
[PlyCount "132"]
[EventDate "2019.10.19"]
[EventType "swiss"]
[EventCountry "NED"]
[SourceTitle "playchess.com"]
[Source "ChessBase"]
[SourceQuality "1"]
[TimeControl "40/5400+30:1800+30"]

1. Nf3 d5 2. g3 Nf6 3. Bg2 Bg4 4. c4 c6 5. Qb3 Qb6 6. Nc3 e6 7. d4 Nbd7 8. O-O Be7 9. Bf4 O-O 10. c5 Qa6 11. h3 Bh5 12. Rfc1 b6 13. Qa4 Qxa4 14. Nxa4 Ne4 15. b4 $11 g5 16. Bd6 Bxd6 17. cxd6 Bxf3 18. Bxf3 Nxd6 19. Rxc6 Nc4 20. Rc1 a5 21. R6xc4 dxc4 22. Bxa8 Rxa8 23. b5 Rc8 24. Rc3 f5 25. f4 gxf4 26. gxf4 Kf7 27. Nb2 Nf6 28. Rxc4 Rxc4 29. Nxc4 Nd5 30. Kf2 Ke7 31. Kf3 Nc3 32. Nxb6 Nxb5 33. e3 Nc3 34. a3 a4 35. Kf2 Kd6 36. Ke1 Kc6 37. Nc4 Kd5 38. Nb2 Ke4 39. Kf2 h6 40. h4 h5 41. Nc4 Kd3 42. Nd6 Kc2 43. e4 fxe4 44. Ke3 Kb2 45. Nxe4 Nxe4 46. Kxe4 Kxa3 47. f5 exf5+ 48. Kxf5 Kb4 49. d5 a3 50. d6 a2 51. d7 a1=Q 52. d8=Q Qg7 53. Qd2+ Kc5 54. Qc1+ Kd5 55. Qd1+ Kc6 56. Qa4+ Kd6 57. Qa3+ Kd5 58. Qa2+ Kd6 59. Qe6+ Kc7 60. Ke4 Kd8 61. Qd5+ Ke7 62. Qc5+ Kf7 63. Qd5+ Kf8 64. Qxh5 Qb7+ 65. Kf4 Qb4+ 66. Kg3 Qc3+ 1/2-1/2

[Event "23rd Hoogeveen Open 2019"]
[Site "Hoogeveen"]
[Date "2019.10.20"]
[Round "2.12"]
[White "Mueer, Sebastian"]
[Black "Zwirs, Nico"]
[Result "1/2-1/2"]
[ECO "E90"]
[WhiteElo "2194"]
[BlackElo "2421"]
[Annotator "NA"]
[PlyCount "151"]
[EventDate "2019.10.19"]
[EventType "swiss"]
[EventCountry "NED"]
[SourceTitle "playchess.com"]
[Source "ChessBase"]
[SourceQuality "1"]
[TimeControl "40/5400+30:1800+30"]

1. Nf3 Nf6 2. c4 g6 3. Nc3 Bg7 4. e4 d6 5. d4 O-O 6. h3 e5 7. d5 a5 8. Be3 Na6 9. g4 h5 10. g5 Nd7 11. Rg1 Nac5 12. Nh4 Nb6 13. Qf3 (13. Qc2 $14) 13... c6 {[%emt 0:11:21] [#]} ({Better is} 13... Nba4 $11) 14. O-O-O (14. Nf5 $1 $14 ) 14... cxd5 $2 (14... Nba4 $1 $15 {keeps the upper hand.}) 15. Bxc5 $1 dxc5 16. exd5 $16 ({Much worse is} 16. cxd5 $6 Bd7 $11) 16... Bg4 17. hxg4 Qxg5+ 18. Kb1 Qxh4 19. gxh5 Qxh5 20. Qxh5 gxh5 21. Ne4 Kh7 22. Bd3 f5 23. Nd6 e4 24. Nxf5 exd3 25. Rxg7+ Kh8 26. Rg5 Rf7 27. b3 Rh7 28. Rh1 Rg8 29. Rgxh5 Rg1+ 30. Rxg1 Rxh5 31. Ng3 Re5 32. Kc1 a4 33. Kd2 axb3 34. axb3 Nd7 35. f4 Re8 36. Kxd3 Nf6 37. Rh1+ Kg8 38. Nf5 b5 39. Rg1+ Kf8 40. Rg6 Nh5 41. Rg4 bxc4+ 42. Kxc4 Re1 43. Kxc5 Nf6 44. Rh4 Rc1+ 45. Kd6 Kf7 46. Nh6+ Kg6 47. Ng4 Ne4+ 48. Ke7 Rc3 49. b4 Rb3 50. d6 Rxb4 51. d7 Rb7 52. Rh6+ Kf5 53. Ne5 Kxf4 54. Ke8 Rb8+ 55. d8=Q Rxd8+ 56. Kxd8 Kxe5 57. Ke7 Ng3 58. Re6+ Kf5 59. Ra6 Ke5 60. Ra5+ Kf4 61. Ke6 Ne2 62. Ra4+ Ke3 63. Ke5 Nc3 64. Rd4 Ne2 65. Rh4 Kd3 66. Rh2 Nc3 67. Rh3+ Kc4 68. Rh8 Kd3 69. Rc8 Ne2 70. Rd8+ Ke3 71. Rd1 Nc3 72. Rd4 Ne2 73. Ra4 Nc3 74. Ra3 Kd3 75. Rxc3+ Kxc3 76. Ke4 1/2-1/2

[Event "23rd Hoogeveen Open 2019"]
[Site "Hoogeveen"]
[Date "2019.10.20"]
[Round "2.13"]
[White "Kaasen, Tor Fredrik"]
[Black "Adocchio, Giampiero"]
[Result "1/2-1/2"]
[ECO "D31"]
[WhiteElo "2415"]
[BlackElo "2184"]
[Annotator "NA"]
[PlyCount "99"]
[EventDate "2019.10.19"]
[EventType "swiss"]
[EventCountry "NED"]
[SourceTitle "playchess.com"]
[Source "ChessBase"]
[SourceQuality "1"]
[TimeControl "40/5400+30:1800+30"]

1. d4 d5 2. c4 e6 3. Nc3 Be7 4. cxd5 exd5 5. Bf4 c6 6. e3 Bd6 {[%emt 0:00:09] D31: Queen's Gambit Declined: Semi-Slav without ...Nf6 (+ Marshall Gambit and Noteboom) and Exchange Variation lines without ...Nf6} (6... Bf5 7. g4 Be6 8. h3 Nd7 9. Bd3 h5 10. gxh5 Ndf6 11. h6 Nxh6 12. Qc2 Qd7 13. Nf3 Bf5 14. Ne5 Bxd3 15. Nxd3 Nh5 16. Bh2 Qxh3 {½-½ (32) Radjabov,T (2757)-Giri,A (2783) Wijk aan Zee 2019}) 7. Qf3 Bxf4 8. Qxf4 Qf6 9. Nge2 $146 ({Predecessor:} 9. Qc7 Ne7 10. Nf3 O-O 11. Bd3 b6 12. O-O Ba6 13. Bxa6 Nxa6 14. Qb7 {½-½ (38) Gorodetzky,D (2447)-Kravtsiv,M (2637) Israel 2019}) 9... Qxf4 10. Nxf4 Bf5 11. f3 Ne7 12. g4 Bg6 13. h4 h5 14. g5 Nd7 15. Kf2 O-O 16. Rd1 Rfe8 17. Bh3 Nb6 18. Rhe1 ({White should play} 18. e4 $16) 18... Bf5 19. Bf1 g6 $14 20. Rd2 Kf8 21. e4 Be6 22. Bd3 Nec8 23. Rde2 Nd6 24. Nxe6+ Rxe6 25. e5 Ne8 26. f4 Ng7 27. Rc2 Ree8 28. Ne2 Nc8 29. Ng3 Ne7 30. Ke3 Ngf5+ 31. Bxf5 Nxf5+ 32. Nxf5 gxf5 33. Kd3 a5 34. Rg1 Re6 35. Rb1 b5 36. Rg1 Ra6 37. Rc5 Ke7 38. Kc2 Rg6 39. Kb3 Kd7 40. Rc2 Ke7 41. Re2 Kd7 42. Rc1 Ke7 43. a3 Kd7 44. Rc5 Ke7 45. a4 b4 46. Rec2 Kd7 47. Rc1 Ke7 48. Ra1 Kd7 49. Ra2 Ke7 50. Ra1 1/2-1/2

[Event "23rd Hoogeveen Open 2019"]
[Site "Hoogeveen"]
[Date "2019.10.20"]
[Round "2.14"]
[White "Tabak, Stefan"]
[Black "Seul, Georg"]
[Result "1-0"]
[ECO "C44"]
[WhiteElo "2181"]
[BlackElo "2411"]
[Annotator "NA"]
[PlyCount "65"]
[EventDate "2019.10.19"]
[EventType "swiss"]
[EventCountry "NED"]
[SourceTitle "playchess.com"]
[Source "ChessBase"]
[SourceQuality "1"]
[TimeControl "40/5400+30:1800+30"]

1. e4 e5 2. d4 exd4 3. c3 d5 4. exd5 Qxd5 5. cxd4 Nc6 6. Be3 Nf6 7. Nc3 Bb4 8. Nf3 Bg4 9. Be2 Bxf3 10. Bxf3 Qc4 11. Rc1 Qxa2 12. O-O Bxc3 13. bxc3 O-O 14. Bg5 Rfe8 15. Bxf6 gxf6 16. Rb1 Rab8 17. Rb5 {[%emt 0:06:01] Remove Defender} Ne7 $16 18. Qc1 Ng6 19. Qh6 Qe6 20. Rh5 Nf8 21. d5 Qd6 22. Bg4 Re5 23. Bf5 Rbe8 24. c4 b6 25. h4 a5 26. f4 Re3 27. Bxh7+ Nxh7 28. Qxh7+ Kf8 29. Qf5 Ke7 30. Rh7 a4 31. h5 a3 32. h6 Qc5 33. Rxf7+ 1-0

[Event "23rd Hoogeveen Open 2019"]
[Site "Hoogeveen"]
[Date "2019.10.20"]
[Round "2.15"]
[White "Morozov, Nichita"]
[Black "Djukic, Sandra"]
[Result "1-0"]
[ECO "D24"]
[WhiteElo "2394"]
[BlackElo "2179"]
[Annotator "NA"]
[PlyCount "117"]
[EventDate "2019.10.19"]
[EventType "swiss"]
[EventCountry "NED"]
[SourceTitle "playchess.com"]
[Source "ChessBase"]
[SourceQuality "1"]
[TimeControl "40/5400+30:1800+30"]

1. d4 d5 2. c4 dxc4 3. Nf3 Nf6 4. Nc3 a6 5. a4 Nc6 6. e4 Na5 7. Ne5 e6 8. Nxc4 Bb4 $11 9. f3 Nxe4 10. fxe4 Qh4+ 11. Kd2 Qxe4 12. Nxa5 Bxa5 13. Qf3 Qxd4+ 14. Kc2 Bd7 15. Be3 Qe5 16. Qf4 Bxc3 17. bxc3 Qd5 18. Qd4 Qa5 19. Bd3 O-O-O 20. Qb4 Qxb4 21. cxb4 Bc6 22. b5 axb5 23. axb5 Bd5 24. Rhf1 f6 25. Ra8+ Kd7 26. Ra7 h5 27. Rd1 Ke7 28. Bg6 Bb3+ 29. Kxb3 Rxd1 30. Rxb7 Kd6 31. Kc4 f5 32. Bf7 h4 33. h3 Rc8 34. Ra7 Re1 35. Bc5+ Ke5 36. Bd4+ Kf4 37. Ra6 e5 38. Bc3 Rc1 39. Rg6 Ra8 40. Kb3 Rb1+ 41. Bb2 Rb8 42. Bc4 Rb6 43. Rxg7 c6 44. Rg6 Rxb5+ 45. Bxb5 cxb5 46. Kc2 Rg1 47. Ba3 Ke4 48. Be7 f4 49. Bxh4 Ke3 50. Be7 Ke2 51. Rg4 e4 52. Rxf4 Rxg2 53. Rxe4+ Kf3+ 54. Kd3 Rg1 55. Re3+ Kf4 56. Bd6+ Kf5 57. Rf3+ Ke6 58. Bb4 Rb1 59. Bc3 1-0

[Event "23rd Hoogeveen Open 2019"]
[Site "Hoogeveen"]
[Date "2019.10.20"]
[Round "2.16"]
[White "Blagojevic, Tijana"]
[Black "Jonkman, Harmen"]
[Result "0-1"]
[ECO "C00"]
[WhiteElo "2151"]
[BlackElo "2383"]
[Annotator "NA"]
[PlyCount "57"]
[EventDate "2019.10.19"]
[EventType "swiss"]
[EventCountry "NED"]
[SourceTitle "playchess.com"]
[Source "ChessBase"]
[SourceQuality "1"]
[TimeControl "40/5400+30:1800+30"]

1. e4 e6 2. Nf3 d5 3. Nc3 Nf6 4. e5 Nfd7 5. Ne2 c5 6. c3 Qa5 7. a3 Nc6 8. d4 cxd4 9. b4 Qc7 10. cxd4 b5 11. Nf4 Qb6 12. Rb1 a5 13. bxa5 Rxa5 14. Be2 Ba6 15. Rb3 Ra4 16. Rb1 $17 (16. O-O $11) 16... Ra5 17. Rb3 Be7 18. h4 Ra4 19. Rb1 Qa7 20. O-O O-O 21. Rxb5 Rxd4 22. Nxd4 Nxd4 23. Ra5 Nxe2+ 24. Qxe2 Ra8 25. Qe3 Qc7 26. Bd2 Nxe5 27. Qg3 Nc4 28. Bc3 g6 29. Ra4 0-1

[Event "23rd Hoogeveen Open 2019"]
[Site "Hoogeveen"]
[Date "2019.10.20"]
[Round "2.17"]
[White "Vestby-Ellingsen, Mads"]
[Black "Giacomini, Hector"]
[Result "1-0"]
[ECO "D36"]
[WhiteElo "2363"]
[BlackElo "2145"]
[Annotator "NA"]
[PlyCount "73"]
[EventDate "2019.10.19"]
[EventType "swiss"]
[EventCountry "NED"]
[SourceTitle "playchess.com"]
[Source "ChessBase"]
[SourceQuality "1"]
[TimeControl "40/5400+30:1800+30"]

1. d4 d5 2. c4 e6 3. Nc3 Nf6 4. cxd5 exd5 5. Bg5 Be7 6. e3 O-O 7. Bd3 Nbd7 8. Qc2 Re8 9. Nge2 Nf8 10. O-O c6 11. f3 Be6 12. Rad1 Rc8 13. e4 {[%emt 0:00:20] D36: Queen's Gambit Declined: Exchange Variation: Main line (5 Bg5 c6 6 Qc2)} dxe4 14. fxe4 Ng4 15. Bf4 Ng6 16. e5 Bg5 17. Bxg6 hxg6 18. Qd2 Bxf4 19. Nxf4 Bc4 20. Rfe1 {[%emt 0:00:17] [#]} g5 $146 ({Predecessor:} 20... c5) 21. Nh5 Bd5 $16 (21... f5 $11) 22. Ng3 f6 23. h3 Nh6 24. Qc2 Bf7 25. Nce4 fxe5 26. dxe5 Qb6+ 27. Nc5 Bxa2 28. b3 Rcd8 29. Rxd8 Rxd8 30. Nge4 Bxb3 31. Qxb3+ Qxb3 32. Nxb3 g4 33. Nd6 Nf7 34. Nxb7 Re8 35. e6 Kf8 36. N3c5 Ng5 37. Nd6 1-0

[Event "23rd Hoogeveen Open 2019"]
[Site "Hoogeveen"]
[Date "2019.10.20"]
[Round "2.18"]
[White "Slagboom, Leandro"]
[Black "Wiersma, Eelke"]
[Result "1/2-1/2"]
[ECO "D34"]
[WhiteElo "1954"]
[BlackElo "2321"]
[Annotator "NA"]
[PlyCount "28"]
[EventDate "2019.10.19"]
[EventType "swiss"]
[EventCountry "NED"]
[SourceTitle "playchess.com"]
[Source "ChessBase"]
[SourceQuality "1"]
[TimeControl "40/5400+30:1800+30"]

1. Nf3 Nf6 2. c4 c5 3. b3 e6 4. g3 d5 5. cxd5 exd5 6. Bg2 Nc6 7. Bb2 Be7 8. O-O O-O 9. d4 Ne4 10. Nc3 Bf6 11. e3 Re8 12. Rc1 Bg4 13. dxc5 Nxc3 $11 14. Rxc3 Qe7 1/2-1/2

[Event "23rd Hoogeveen Open 2019"]
[Site "Hoogeveen"]
[Date "2019.10.20"]
[Round "2.19"]
[White "Manush Shah"]
[Black "Van der Hagen, Loek"]
[Result "1-0"]
[ECO "E63"]
[WhiteElo "2352"]
[BlackElo "1983"]
[Annotator "ChessBase"]
[PlyCount "57"]
[EventDate "2019.10.19"]
[EventType "swiss"]
[EventCountry "NED"]
[SourceTitle "playchess.com"]
[Source "ChessBase"]
[SourceQuality "1"]
[TimeControl "40/5400+30:1800+30"]

1. d4 Nf6 2. Nf3 g6 3. c4 Bg7 4. g3 O-O 5. Bg2 d6 6. Nc3 Nc6 7. O-O a6 8. Qd3 Rb8 9. d5 Na7 10. a4 c5 11. e4 Qc7 12. a5 Bd7 13. Be3 b6 14. axb6 Rxb6 15. Ra2 e6 16. Rfa1 Qb7 17. e5 Ng4 18. exd6 Nxe3 19. Qxe3 exd5 20. Nxd5 Rxb2 21. Rxb2 Bxb2 22. Rb1 Bf5 23. Ne7+ Kh8 24. Nxf5 gxf5 25. Ne5 Qb4 26. Nd3 Qb8 27. Rxb2 Qxd6 28. Rb7 Nc8 29. Qe5+ 1-0